cohdb
Replays
Latest Replays
All Replays
Popular Replays
Top Player Replays
Match Explorer
How It Works
Community
CoH3 Stats
Reddit
Sign in to upload your games and track your stats! →
Sign in with Steam
Match 46767305
Unlisted
Match 46767305
Overview
Messages
Build Orders
End
250 Light Carrier
Panzerpioneer Squad
Panzerpioneer Squad
Panzerpioneer Squad
Construct Light Support Kompanie
Construct Mechanized Kompanie
Combat Half-tracks
Panzerjäger Mechanized Group
Selects Armored Support Battlegroup
Selects Salvage Kits
Selects Superior Fire Drills
Marder III Tank Destroyer
Vehicle Survival Package
(Tag-Team) SirNate2000
Grumpy_Monk
Tehrum
Frostfire
0
0
Comments
sign in to comment!
No comments posted yet!